 Dungeon Crawl Stone Soup version 0.30.1-11-g7821555f0a (webtiles) character file.

Game seed: 4997302491992516782

509 lonewolfV2 the Fighter (level 6, -6/62 HPs)
             Began as a Minotaur Fighter on Nov 14, 2023.
             Was an Initiate of the Shining One.
             Mangled by Menkaure (15 damage)
             ... on level 5 of the Dungeon.
             The game lasted 00:04:28 (3531 turns).

lonewolfV2 the Fighter (Minotaur Fighter)           Turns: 3531, Time: 00:04:28

Health: -6/62      AC:  7    Str: 20    XL:     6   Next: 98%
Magic:  5/5        EV:  9    Int:  5    God:    the Shining One [......]
Gold:   203        SH:  5    Dex: 12    Spells: 5/5 levels left

rFire   . . .        a - +0 war axe
rCold   . . .        c - +1 buckler
rNeg    . . .        b - +0 scale mail
rPois   .            (helmet restricted)
rElec   .            (no cloak)
rCorr   .            (no gloves)
SInv    .            (no boots)
Will    .....        i - amulet of regeneration Stlth
                     (no ring)
HPRegen 1.10/turn    (no ring)
MPRegen 0.09/turn

%: no passive effects
@: mighty, glowing
A: horns 2, retaliatory headbutt
a: Renounce Religion


You were on level 5 of the Dungeon.
You worshipped the Shining One.
The Shining One was noncommittal.
You visited 2 branches of the dungeon, and saw 6 of its levels.

You collected 203 gold pieces.

Inventory:

Hand Weapons
 a - a +0 war axe (weapon)
Armour
 b - a +0 scale mail (worn)
 c - a +1 buckler (worn)
Jewellery
 i - an amulet of regeneration (around neck)
 l - a ring of wizardry
Scrolls
 j - a scroll of fog
 k - a scroll of vulnerability
 m - a scroll of silence {unknown}
Potions
 d - a potion of might
 e - 3 potions of mutation
 f - a potion of magic
 g - a potion of lignification
 h - 2 potions of curing
 o - a potion of haste {unknown}


   Skills:
 - Level 8.5 Fighting
 - Level 2.5 Axes
 * Level 5.6 Armour
 - Level 3.6 Shields


You had 5 spell levels left.
You didn't know any spells.
Your spell library was empty.

Dungeon Overview and Level Annotations

Branches:
Dungeon (5/15)             Temple (1/1) D:4

Altars:
Ashenzari
Dithmenos
Elyvilon
Makhleb
Nemelex Xobeh
Qazlal
Sif Muna
Uskayaw
Yredelemnul
The Shining One

Shops:
D:2 !   D:5 *

Annotations:
D:5 Menkaure


Innate Abilities, Weirdness & Mutations

You have a pair of horns on your head.
You reflexively headbutt those who attack you in melee.


Message History

As you read the scroll labelled CUKETA HYCY, it crumbles to dust.
You feel momentarily disoriented.
It was a scroll of magic mapping.
As you read the scroll labelled NANTYZAGYQ, it crumbles to dust.
You assume a fearsome visage.
Nothing appears to happen.
It was a scroll of fear.
You climb downwards.
Found a scroll labelled CONLUU QANAIH.
There is a stone staircase leading up here.
m - a scroll labelled CONLUU QANAIH
There is a stone staircase leading up here.
Found Nibiggawk's General Store.
There is an entrance to Nibiggawk's General Store here.
You now have 203 gold pieces (gained 6).
Menkaure, Prince of Dust comes into view.
Menkaure shouts!
Menkaure mumbles, "It doesn't hurt if you pull your brain out of your nose yourself."
Menkaure is nearby!
Menkaure is nearby!
You feel very mighty all of a sudden.
Menkaure mumbles some strange words.
Menkaure seems to speed up.
Menkaure calls on the powers of darkness!
Your body is wracked with pain!
Menkaure calls on the powers of darkness!
Your body is wracked with pain!
* * * LOW HITPOINT WARNING * * *
Menkaure calls on the powers of darkness!
Your body is wracked with pain!
* * * LOW HITPOINT WARNING * * *
Menkaure casts a spell at you.
You barely resist. Menkaure hits you!! The Shining One protects you from harm!
Menkaure calls on the powers of darkness!
Your body is wracked with pain!
* * * LOW HITPOINT WARNING * * *
You hit Menkaure.
Menkaure is moderately damaged.
Menkaure hits you!
You die...

#...#......
#.###..##..###
##.###..##..#
#...#....#...
#...#....#...
#...#....#... #
#..##..###
###..#####..##..#
......M@........#
................+
.....##.....##..#
.##. ########..#
# ..... .....#
.....# ......#


You could see Menkaure (fast).

Vanquished Creatures
  2 phantoms (D:4)
  A scorpion (D:4)
  An orc priest (D:4)
  3 iguanas (D:4)
  3 gnolls (D:3)
  9 adders
  A worm (D:2)
  3 dart slugs
  9 orcs (D:4)
  6 ball pythons
  9 endoplasms
  2 giant cockroaches
  5 goblins
  3 hobgoblins
  6 jackals
  3 quokkas
  A bat (D:3)
  2 frilled lizards
  3 kobolds
  9 rats
81 creatures vanquished.

Notes
Turn   | Place    | Note
-------+----------+-------------------------------------------
     0 | D:1      | lonewolfV2 the Minotaur Fighter began the quest for the
                  | Orb.
     0 | D:1      | Reached XP level 1. HP: 19/19 MP: 0/0
    76 | D:1      | Reached skill level 4 in Fighting
   192 | D:1      | Reached XP level 2. HP: 24/27 MP: 1/1
   509 | D:1      | Found a faded altar of an unknown god.
   652 | D:2      | Found Qafoar's Distillery.
   662 | D:2      | Reached skill level 5 in Fighting
   665 | D:2      | Reached XP level 3. HP: 30/36 MP: 2/2
   899 | D:2      | Reached XP level 4. HP: 39/44 MP: 3/3
   907 | D:2      | Reached skill level 6 in Fighting
  1470 | D:3      | Found a shadowy altar of Dithmenos.
  1471 | D:3      | Found a white marble altar of Elyvilon.
  1567 | D:3      | Reached XP level 5. HP: 13/51 MP: 4/4
  1759 | D:3      | Reached skill level 7 in Fighting
  2325 | D:4      | Found a staircase to the Ecumenical Temple.
  2344 | Temple   | Entered the Ecumenical Temple
  2435 | Temple   | Became a worshipper of the Shining One
  2454 | D:4      | Reached skill level 8 in Fighting
  2461 | D:4      | Noticed a phantom
  2468 | D:4      | Killed a phantom
  2469 | D:4      | Reached XP level 6. HP: 61/62 MP: 5/5
  2721 | D:4      | Reached skill level 5 in Armour
  3485 | D:5      | Entered Level 5 of the Dungeon
  3505 | D:5      | Found Nibiggawk's General Store.
  3523 | D:5      | Noticed Menkaure
  3530 | D:5      | The Shining One protects you from harm!
  3531 | D:5      | Mangled by Menkaure

Illustrated notes

Levels and vault maps discovered:
D:1:      amcnicky_arrival_single_pillar, layout_basic,
          dilly_ecumenical_altar_fadedgnrine
D:2:      layout_loops_ring, serial_shops, shop
D:3:      layout_basic, minitemple, kennysheep_decorative_pillar
D:4:      layout_layer_cave, minmay_temple_entry_glassed_door
D:5:      layout_gridville, fiery_altar_vehumet, serial_shops, shop,
          uniq_menkaure, uniq_crazy_yiuf_cottage
Temple:   hellmonk_temple_forest_ring

Skill      XL: |  1  2  3  4  5  6 |
---------------+-------------------+-----
Fighting       | 4 5 6 8 |  8.5
Armour         | 5 |  5.6
Axes           | |  2.5
Shields        | |  3.6

Action                     |  1- 3 |  4- 6 || total
---------------------------+-------+-------++-------
  Melee: War axe           |    51 |   145 ||   196
         Headbutt          |     7 |    15 ||    22
    Use: Scroll            |     2 |     9 ||    11
         Potion            |       |     1 ||     1
 Armour: Scale mail        |    27 |    67 ||    94
  Dodge: Dodged            |    21 |    72 ||    93
  Block: Buckler           |    11 |    45 ||    56
